AoeStats
← adjorno

MegaRandom

503136200Analyzed
1v1 RM · 2mo ago on Aug 30, 2026· 27m 1s· 2 players
Game mode
Random Map
Map size
Tiny (2 player)
Population
200
Speed
Normal
Resources
Standard
Victory
Conquest
Starting age
Dark Age
Ending age
Imperial Age
RankedLock teamsTeams togetherTeam positionsShared explorationLock speedFull tech treeHidden civsTurbo modeCheats
Victory
Defeat
🇳🇱 Franks · Netherlands
888
+17
vs
🇩🇪 Teutons · Germany
913
-17
adjorno
2:45 Loom
11:22 Feudal Age
11:54 Double-Bit Axe
13:54 Town Watch
16:46 Castle Age
17:45 Bow Saw
19:35 Wheelbarrow
26:52 Imperial Age
26:29 Hand Cart
26:23 Fletching
28:38 Chemistry
BaTischtennis
7:02 Loom
10:47 Feudal Age
14:51 Forging
22:01 Castle Age
20:21 Horse Collar
20:28 Double-Bit Axe
Connection lost

Rejoining the realm…

Still unreachable

The connection could not be restored.

Session expired

The server has moved on; the page needs a fresh start.